 Dungeon Crawl Stone Soup version 0.31-a0-981-geadf994542 (webtiles) character file.

Game seed: 1821205144025894480

271 AppTheSpectato the Firebug (level 6, 0/41 HPs)
             Began as a Demonspawn Fire Elementalist on Oct 31, 2023.
             Slain by a black bear (2 damage)
             ... on level 3 of the Dungeon.
             The game lasted 00:19:55 (4142 turns).

AppTheSpectato the Firebug (DsFE)                   Turns: 4142, Time: 00:19:55

Health: 0/41       AC:  4    Str:  8    XL:     6   Next: 2%
Magic:  6/11       EV: 12    Int: 20    God:
Gold:   264        SH:  0    Dex: 14    Spells: 11/12 levels left

rFire   + . .        d - +3 dagger
rCold   . . .        (no shield)
rNeg    . . .        a - +0 robe
rPois   .            (helmet restricted)
rElec   .            (no cloak)
rCorr   .            p - +0 pair of gloves
SInv    .            f - +0 pair of boots
Will    .....        (no amulet)
Stlth   ++           o - ring of flight
HPRegen 0.26/turn    j - ring of protection from fire
MPRegen 0.12/turn

%: no passive effects
@: about to teleport, flying
A: horns 1, big brain 1
a: no special abilities


You were on level 3 of the Dungeon.
You visited 1 branch of the dungeon, and saw 4 of its levels.

You collected 284 gold pieces.
You spent 20 gold pieces at shops.

Inventory:

Hand Weapons
 d - a +3 dagger (weapon)
Missiles
 k - 2 throwing nets
Armour
 a - a +0 robe (worn)
 f - a +0 pair of boots (worn)
 p - a +0 pair of gloves (worn)
 u - a +2 helmet of see invisible
Magical Staves
 i - a staff of cold
 r - a staff of death
Jewellery
 c - a ring of willpower
 g - a ring of protection from cold
 j - a ring of protection from fire (right hand)
 l - a ring of protection from fire
 o - a ring of flight (left hand)
Scrolls
 h - a scroll of silence {unknown}
 v - a scroll of enchant armour {unknown}
 w - a scroll of vulnerability
 x - a scroll of fear {unknown}
Potions
 b - a potion of magic
 e - 2 potions of attraction
 m - 2 potions of curing
 n - a potion of brilliance {unknown}
 s - 2 potions of enlightenment
 t - a potion of degeneration
 z - a potion of mutation


   Skills:
 - Level 1.8 Dodging
 - Level 1.8 Stealth
 + Level 3.7 Spellcasting
 + Level 3.4 Conjurations
 + Level 4.1 Fire Magic


You had 11 spell levels left.
You knew the following spells:

 Your Spells              Type           Power      Damage    Failure   Level
a - Foxfire               Conj/Fire      72%        2x1d7     2%          1

Your spell library contained the following spells:

 Spells                   Type           Power      Damage    Failure   Level
 Scorch                   Fire           40%        2d6       3%          2
 Kiss of Death            Conj/Necr      40%        2d8       7%          1
 Momentum Strike          Conj/Tloc      20%        3d8       10%         2
 Inner Flame              Hex/Fire       12%        N/A       17%         3
 Volatile Blastmotes      Fire/Tloc      24%        2d12      17%         3
 Blink                    Tloc           6%         N/A       21%         2
 Lesser Beckoning         Tloc           6%         N/A       21%         2
 Flame Wave               Conj/Fire      18%        2d7       28%         4
 Confusing Touch          Hex            3%         N/A       36%         3
 Dispel Undead            Necr           3%         3d7       78%         4


Dungeon Overview and Level Annotations

Branches:
Dungeon (4/15)
 Temple: D:4-7

Altars:

Shops:
D:1 [   D:4 :*


Innate Abilities, Weirdness & Mutations

You have a pair of small horns on your head.
You have an unusually large brain. (Int +2)


Message History

The black bear claws you but does no damage.
The foxfire hits the black bear but does no damage.
The black bear is almost dead.
The foxfire hits the black bear.
The black bear is almost dead.
The black bear barely misses you. The black bear closely misses you. x2
The black bear attacks as it pursues you!
The black bear bites you but does no damage.
The black bear closely misses you. The black bear barely misses you.
You barely miss the black bear. You headbutt the black bear.
The black bear is almost dead.
The black bear bites you!
The black bear claws you but does no damage. x2
The black bear closely misses you. x3
Casting: Foxfire (safe; 2% risk of failure)
Press: ? - help, Q - select action, (/) - cycle Dir - look around, f - activate You conjure some foxfire!
The black bear bites you but does no damage.
The black bear claws you. The black bear barely misses you.
Your foxfire dissipates!
The orc complains noisily.
The black bear barely misses you.
The black bear claws you but does no damage.
The black bear claws you.
There is a stone staircase leading up here.
The black bear barely misses you. The black bear claws you.
* * * LOW HITPOINT WARNING * * *
The black bear misses you.
You fly upwards.
There is a stone staircase leading down here.
As you read the scroll of teleportation, it crumbles to dust.
You feel strangely unstable. The black bear closely misses you.
The black bear claws you.
* * * LOW HITPOINT WARNING * * *
The black bear claws you.
* * * LOW HITPOINT WARNING * * *
The black bear bites you.
* * * LOW HITPOINT WARNING * * *
The black bear misses you. The black bear claws you.
You die...

#..... #.....
#..... #.....
############.....
##.....#.....#....
##<............†###
#...............# #
#.@.............# #
#.h........(....# #
#.....>.........# #
#..............># #
#............)..###
##.(...............
##................
######.....)....#
#...........


You could see a black bear (berserk).

Vanquished Creatures
  A scorpion (D:4)
  Natasha (D:2)
  An iguana (D:4)
  3 adders
  3 gnolls (D:4)
  A worm (D:3)
  4 dart slugs
  9 orcs
  7 bats
  4 endoplasms
  2 giant cockroaches
  6 goblins
  11 hobgoblins
  6 jackals (D:4)
  2 quokkas (D:1)
  5 ball pythons
  2 frilled lizards (D:1)
  10 kobolds
  5 rats
83 creatures vanquished.

Vanquished Creatures (others)
  241 foxfires
241 creatures vanquished.

Grand Total: 324 creatures vanquished

Notes
Turn   | Place    | Note
-------+----------+-------------------------------------------
     0 | D:1      | AppTheSpectato the Demonspawn Fire Elementalist began the
                  | quest for the Orb.
     0 | D:1      | Reached XP level 1. HP: 13/13 MP: 3/3
   301 | D:1      | Gained mutation: You have an unusually large brain. (Int
                  | +2) [demonic ancestry]
   301 | D:1      | Reached XP level 2. HP: 14/19 MP: 0/5
   860 | D:1      | Reached skill level 3 in Fire Magic
   962 | D:1      | Found Owoatoop's Armour Emporium.
  1112 | D:1      | Found a faded altar of an unknown god.
  1411 | D:2      | Noticed Natasha
  1413 | D:2      | Reached XP level 3. HP: 24/24 MP: 2/6
  1416 | D:2      | Killed Natasha
  2148 | D:3      | Reached XP level 4. HP: 30/30 MP: 6/8
  3245 | D:4      | Noticed a scorpion
  3368 | D:4      | Found Ymuch's General Store.
  3373 | D:4      | Bought a scroll of identify for 20 gold pieces
  3451 | D:4      | Found Ajair's Self-Improvement Boutique.
  3509 | D:4      | Killed a scorpion
  3510 | D:4      | Gained mutation: You have a pair of small horns on your
                  | head. [demonic ancestry]
  3510 | D:4      | Reached XP level 5. HP: 35/35 MP: 3/10
  3669 | D:4      | Reached skill level 4 in Fire Magic
  3853 | D:4      | Reached XP level 6. HP: 41/41 MP: 7/11
  4142 | D:3      | HP: 2/41 [black bear (2)]
  4142 | D:3      | Slain by a black bear

Illustrated notes

Levels and vault maps discovered:
D:1:      nzn_arrival_crosshair, layout_loops_cross, basic_ecumenical_altar,
          serial_shops, nicolae_shop_hallway_plus
D:2:      layout_basic, minmay_misc_feat_four_crosses, grunt_ministairs_11,
          uniq_natasha
D:3:      layout_rooms, minmay_fractal_squares_diagonal_5
D:4:      layout_loops_ring, lemuel_mausoleum_altar_yredelemnul,
          minmay_strange_pillars, nicolae_stop_n_shop_1,
          chequers_decorated_corner, minmay_crystal_water,
          nicolae_shop_self_help

Skill      XL: |  1  2  3  4  5 |
---------------+----------------+-----
Fire Magic     | 3 4 |  4.1
Conjurations   | 2 3 |  3.4
Spellcasting   | 3 |  3.7
Dodging        | |  1.8
Stealth        | |  1.8

Action                     |  1- 3 |  4- 6 || total
---------------------------+-------+-------++-------
  Melee: Unarmed           |    16 |       ||    16
         Punch             |     2 |       ||     2
         Dagger            |    26 |    25 ||    51
         Headbutt          |       |     3 ||     3
   Cast: Foxfire           |    61 |    96 ||   157
    Use: Scroll            |       |    10 ||    10
   Stab: Sleeping          |     1 |       ||     1
 Armour: Robe              |    27 |    34 ||    61
  Dodge: Dodged            |    32 |    39 ||    71

Table legend: (Time is in decaauts)
 A = Elapsed time spent in this place.
 B = Non-inter-level travel time spent in this place.
 C = Inter-level travel time spent in this place.
 D = Time resting spent in this place.
 E = Time spent auto-exploring this place.
 F = Levels seen in this place.
 G = Mean time per level.
                   A        B        C        D        E       F      G
               +--------+--------+--------+--------+--------+-----+--------+
         Total |   4139 |   3766 |    373 |   1108 |   1849 |   4 | 1034.8 |
       Dungeon |   4139 |   3766 |    373 |   1108 |   1849 |   4 | 1034.8 |
               +--------+--------+--------+--------+--------+-----+--------+

Top non-repeatable levels by time:
     D:1: 1381 daAuts
     D:3: 1104 daAuts
     D:2: 872 daAuts
     D:4: 781 daAuts
